 Dungeon Crawl Stone Soup version 0.27.1-2-g3b301248ec (webtiles) character file.

Game seed: 17303883590466717602

452 barney the Changer (level 6, -1/47 HPs)
             Began as a Draconian Transmuter on Sept 27, 2021.
             Slain by a gnoll (12 damage)
             ... on level 3 of the Dungeon.
             The game lasted 00:07:14 (5191 turns).

barney the Changer (Draconian Transmuter)           Turns: 5191, Time: 00:07:15

Health: -1/47      AC:  2    Str: 12    XL:     6   Next: 75%
Magic:  7/9        EV: 19    Int: 16    God:
Gold:   155        SH:  0    Dex: 16    Spells: 1/9 levels left

rFire    . . .     SeeInvis .     - Unarmed
rCold    . . .     Faith    .   (shield currently unavailable)
rNeg     . . .     Spirit   .   (armour unavailable)
rPois    x         Reflect  .   (helmet currently unavailable)
rElec    .         Harm     .   (cloak currently unavailable)
rCorr    .         Rampage  .   (gloves currently unavailable)
Will     .....                  (boots currently unavailable)
Stlth    +.........             (no amulet)
HPRegen  0.15/turn              (no ring)
MPRegen  0.11/turn              (no ring)

@: spider-form (expiring), marked
A: venomous fangs, AC +6, tiny, unfitting armour, (cold-blooded)
a: End Transformation


You were on level 3 of the Dungeon.
You were a venomous arachnid creature.
You visited 1 branch of the dungeon, and saw 3 of its levels.

You collected 155 gold pieces.

Inventory:

Hand Weapons
 d - a +1 dagger of draining (melded)
 i - a +1 dagger of venom
 j - a +0 antimagic whip
Magical Staves
 g - a staff of earth
Scrolls
 c - a scroll of identify
 e - a scroll of fog
 h - a scroll of teleportation
Potions
 f - 2 potions of attraction


   Skills:
 - Level 1.1 Fighting
 - Level 1.7 Dodging
 + Level 4.6 Unarmed Combat
 - Level 2.0 Spellcasting
 * Level 6.4 Transmutations


You had one spell level left.
You knew the following spells:

 Your Spells              Type           Power      Damage    Failure   Level
a - Beastly Appendage     Tmut           44%        N/A       7%          1
b - Spider Form           Tmut/Pois      5%         N/A       36%         3
c - Ice Form              Ice/Tmut       11%        N/A       71%         4

Your spell library contained the following spells:

 Spells                   Type           Power      Damage    Failure   Level
 Wereblood                Tmut           22%        N/A       9%          2
 Ensorcelled Hibernation  Hex/Ice        2%         N/A       52%         2
 Freezing Cloud           Conj/Ice/Air   0%         6-21      100%        5
 Shadow Creatures         Summ           N/A        N/A       100%        6
 Simulacrum               Ice/Necr       0%         N/A       100%        6
 Polar Vortex             Ice            0%         N/A       100%        9


Dungeon Overview and Level Annotations

Branches:
Dungeon (3/15)

Altars:

Shops:
D:1 *


Innate Abilities, Weirdness & Mutations

You are a venomous arachnid creature.
You have poisonous fangs.
You are tiny and dextrous.
Your spellcasting is less reliable in this form.
Your armour is entirely melded.
You are incapable of wielding weapons or throwing items.
((Your plain brown scales are hard. (AC +6)))
You cannot fit into any form of body armour.
((You are cold-blooded and may be slowed by cold attacks.))


Message History

Confirm with . or Enter, or press ? or * to list all spells.
You turn into a venomous arachnid creature.
Your +1 dagger of draining melds into your body.
Your transformation is almost over.
The orc completely misses you. The gnoll barely misses you.
Unknown command.
You hit the gnoll.
The gnoll is poisoned.
The gnoll is moderately wounded.
The orc misses you.
The gnoll hits you with a +1 vorpal halberd!
* * * LOW HITPOINT WARNING * * *
x2 You feel much better.
The orc hits you with a +0 dagger. The gnoll barely misses you.
The gnoll hits you with a +0 club.
You barely miss the gnoll.
The gnoll is moderately wounded.
The orc hits you with a +0 dagger. The gnoll completely misses you.
The gnoll misses you.
You hit the gnoll.
The gnoll looks as sick as possible!
The gnoll is severely wounded.
You kill the gnoll!
The orc hits you with a +0 dagger. The gnoll closely misses you.
You bite the gnoll!
The gnoll is heavily wounded.
The orc misses you. The orc hits you with a +0 dagger.
The gnoll closely misses you. The gnoll hits you with a +0 club.
You hit the gnoll.
You kill the gnoll!
The orc completely misses you. The orc misses you. The gnoll barely misses you.
You hit the orc but do no damage. The orc barely misses you. x2
The gnoll misses you.
You bite the orc!
The orc is poisoned.
The orc is almost dead.
The orc hits you with a +0 club.
* * * LOW HITPOINT WARNING * * *
The orc completely misses you. The gnoll misses you.
You hit the orc.
You kill the orc!
The orc completely misses you.
The gnoll hits you from afar with a +0 halberd!
You die...

≈≈≈≈≈≈≈≈≈≈≈≈≈≈≈≈≈≈≈≈≈≈≈≈≈≈....#
≈≈≈≈≈≈≈≈≈≈≈≈≈≈≈≈≈≈≈#####≈≈....#
...................#...#≈≈....#
####################...#≈≈....#
#....'....#'###≈≈....#
######....#.#.≈≈≈....#
.......og..#.#.≈≈≈....#
.......#))##.#.≈≈≈....#
.......#so...#.≈≈≈....#
.......#.....#.≈≈≈..P.#
#############'#####.#.≈≈≈....#
'....' o.#..)#.#.≈≈≈....#
#....# ..#.#...#.≈≈≈....#
#....# #.).#'###≈≈....#
###''''#############...#≈≈P...#
...................#...#≈≈....#
≈≈≈....≈≈≈≈≈≈≈≈≈≈≈≈#####≈≈....#


You could see a gnoll and 2 orcs.

Vanquished Creatures
  A kobold brigand (D:3)
  A howler monkey (D:3)
  A hound (D:3)
  An orc wizard (D:3)
  16 gnolls
  An adder (D:2)
  A dart slug (D:1)
  17 orcs (D:3)
  5 ball pythons
  3 endoplasms
  2 giant cockroaches (D:3)
  12 goblins
  9 hobgoblins
  19 jackals
  5 quokkas
  8 bats
  5 frilled lizards
  4 kobolds
  8 rats
119 creatures vanquished.

Vanquished Creatures (others)
  A fungus (D:3)
1 creature vanquished.

Grand Total: 120 creatures vanquished

Notes
Turn   | Place    | Note
-------+----------+-------------------------------------------
     0 | D:1      | barney the Draconian Transmuter began the quest for the
                  | Orb.
     0 | D:1      | Reached XP level 1. HP: 16/16 MP: 3/3
   332 | D:1      | Reached skill level 3 in Transmutations
   332 | D:1      | Reached XP level 2. HP: 12/23 MP: 3/5
   602 | D:1      | Reached XP level 3. HP: 14/28 MP: 6/6
   989 | D:1      | Learned a level 3 spell: Spider Form
  1276 | D:1      | Found a faded altar of an unknown god.
  1562 | D:1      | Found Xoics's Assorted Antiques.
  1711 | D:2      | Reached skill level 4 in Transmutations
  2068 | D:2      | Reached XP level 4. HP: 35/35 MP: 5/7
  3038 | D:3      | Reached XP level 5. HP: 37/40 MP: 8/8
  3198 | D:3      | Reached skill level 5 in Transmutations
  3651 | D:3      | Reached XP level 6. HP: 41/47 MP: 6/9
  4008 | D:3      | Reached skill level 6 in Transmutations
  4123 | D:3      | Learned a level 4 spell: Ice Form
  5191 | D:3      | Slain by a gnoll

Illustrated notes

Levels and vault maps discovered:
D:1:      dpeg_arrival_round_c, layout_basic, serial_shops, shop,
          hellmonk_ecumenical_altar_run_dry, minmay_misc_feat_tiny,
          minmay_split_cup_large
D:2:      layout_rooms, minivault_23, serial_park_tiny_2, st_stairs_10,
          minmay_goblin_outpost
D:3:      lemuel_castle_with_subvaults [lemuel_castle_interior_carwin_3],
          layout_basic

Skill      XL: |  1  2  3  4  5  6 |
---------------+-------------------+-----
Transmutations | 3 4 5 6 |  6.4
Unarmed Combat | 4 |  4.6
Fighting       | |  1.1
Dodging        | |  1.7
Spellcasting   | |  2.0

Action                   |  1- 3 |  4- 6 || total
-------------------------+-------+-------++-------
Melee: Unarmed           |   147 |   186 ||   333
       Tailslap          |    12 |     5 ||    17
       Kick              |    14 |    10 ||    24
       Headbutt          |     6 |     3 ||     9
       Punch             |     1 |     2 ||     3
       Dagger            |       |    51 ||    51
 Cast: Beastly Appendage |    20 |    10 ||    30
       Spider Form       |       |    22 ||    22
  Use: Potion            |     2 |     7 ||     9
       Scroll            |       |     3 ||     3
 Stab: Sleeping          |     1 |       ||     1
Armor: Skin              |    52 |    47 ||    99
Dodge: Dodged            |   114 |   207 ||   321
